 Dungeon Crawl Stone Soup version 0.25-a0-246-g58704a1ebd (webtiles) character file.

Game seed: 5436577326974597619, levelgen mode: classic

2457 Borgoz the Cutter (level 9, -3/63 HPs)
             Began as a Halfling Fighter on Dec 3, 2019.
             Was a Believer of Okawaru.
             Slain by a hog (6 damage)
             ... on level 7 of the Dungeon.
             The game lasted 00:10:23 (7064 turns).

Borgoz the Cutter (Halfling Fighter)                Turns: 7064, Time: 00:10:23

Health: -3/63      AC: 10    Str: 20    XL:     9   Next: 79%
Magic:  9/9        EV: 17    Int:  6    God:    Okawaru [**....]
Gold:   294        SH: 11    Dex: 14    Spells: 8/8 levels left

rFire    . . .     SeeInvis .   a - +1 rapier (venom)
rCold    . . .     Gourm    .   c - +0 shield
rNeg     . . .     Faith    .   b - +0 scale mail
rPois    .         Spirit   .   l - +0 helmet
rElec    .         Reflect  .   i - +0 cloak
rCorr    .         Harm     .   (no gloves)
MR       .....                  (no boots)
Stlth    ..........             (no amulet)
HPRegen  0.20/turn              d - ring of Phasing {EV+8}
MPRegen  0.11/turn              g - ring of flight

@: no status effects
A: small, mutation resistance 1
a: Heroism, Renounce Religion, Evoke Flight


You were on level 7 of the Dungeon.
You worshipped Okawaru.
Okawaru was pleased with you.
You were not hungry.

You visited 2 branches of the dungeon, and saw 8 of its levels.

You collected 294 gold pieces.

Inventory:

Hand Weapons
 a - a +1 rapier of venom (weapon)
Missiles
 r - a throwing net (quivered)
Armour
 b - a +0 scale mail (worn)
 c - a +0 shield (worn)
 i - a +0 cloak (worn)
 l - a +0 helmet (worn)
Jewellery
 d - the ring of Phasing (left hand) {EV+8}
   (You found it on level 6 of the Dungeon)

   [ring of evasion]

   It affects your evasion (+8).
 g - a ring of flight (right hand)
Scrolls
 h - 3 scrolls of teleportation
 o - 4 scrolls of remove curse
Potions
 e - 2 potions of brilliance
 j - a potion of curing {unknown}
 k - 3 potions of haste {unknown}
 m - a potion of cancellation {unknown}
 n - a potion of flight
 q - a potion of lignification
 s - 3 potions of agility {unknown}
 t - a potion of heal wounds {unknown}
Comestibles
 f - 11 rations
 p - a chunk of flesh


   Skills:
 + Level 6.3 Fighting
 + Level 7.8 Short Blades
 + Level 7.6 Armour
 + Level 7.6 Shields


You had 8 spell levels left.
You didn't know any spells.
Your spell library contained the following spells:

 Spells                   Type           Power        Failure   Level  Hunger
 Confusing Touch          Hex            #.....       99%         1    ##.....
 Magic Dart               Conj           #...         99%         1    ##.....
 Searing Ray              Conj           #.....       100%        2    ###....
 Confuse                  Hex            #.......     100%        3    ####...
 Dazzling Flash           Conj/Hex       #.....       100%        3    ####...
 Gell's Gravitas          Tloc           #.........   100%        3    ####...
 Fulminant Prism          Conj/Hex       #.........   100%        4    #####..
 Iskenderun's Mystic Bla  Conj/Tloc      #.......     100%        4    #####..
 Petrify                  Tmut/Erth      #.......     100%        4    #####..
 Metabolic Englaciation   Hex/Ice        #.........   100%        5    ######.
 Yara's Violent Unravell  Hex/Tmut       #.........   100%        5    ######.


Dungeon Overview and Level Annotations

Branches:
Dungeon (7/15)             Temple (1/1) D:6

Altars:
Ashenzari
Cheibriados
Dithmenos
Elyvilon
Fedhas
Gozag
Hepliaklqana
Makhleb
Nemelex Xobeh
Okawaru
Qazlal
Ru
Sif Muna
Trog
Uskayaw
Vehumet
Wu Jian
Xom
Yredelemnul
Zin
The Shining One


Innate Abilities, Weirdness & Mutations

You are small and have problems with some larger weapons.
You are somewhat resistant to further mutation.


Message History

You block the hog's attack.
You hit the hog but do no damage.
The hog is almost dead.
The hog bites you.
* * * LOW HITPOINT WARNING * * *
You closely miss the hog.
The hog is almost dead.
You block the hog's attack.
You completely miss the hog.
The hog is almost dead.
The hog barely misses you.
You barely miss the hog.
The hog is almost dead.
You hear the faint creaking of a distant portcullis.
The hog bites you!
* * * LOW HITPOINT WARNING * * *
You closely miss the hog.
The hog is almost dead.
The hog bites you.
You die...

..#...#
#..).##########.##.....
..##.##
#......................
..##.#
###############.!......
#....# ##....... #.####
#....#.. #+# ##.###.#
### #..##.# #######.##
########.##.#
#%%...)@.###............
#%.[..#h..[.......(..#..
###'########............
#..... #............
#..... #........#..#
###### #........#.<#
#........#...
#........#.(. ##.......#
.#


You could see a hog.

Vanquished Creatures
  A hippogriff (D:7)
  A yak (D:7)
  A human (D:7)
  2 hogs (D:7)
  Eustachio (D:6)
  Edmund (D:4)
  A water moccasin (D:5)
  An orc warrior (D:6)
  A black bear (D:7)
  A phantom (D:6)
  2 ogres
  A crocodile (D:7)
  A big kobold (D:7)
  2 bullfrogs (D:6)
  A crimson imp (D:5)
  A bullfrog zombie (D:5)
  A hound (D:3)
  A bullfrog skeleton (D:7)
  4 orc priests
  An orc wizard (D:5)
  5 worker ants
  A hound skeleton (D:4)
  Robin (D:2)
  7 adders
  3 oozes
  An adder zombie (D:5)
  An adder skeleton (D:5)
  5 worms
  6 dart slugs
  2 leopard geckos
  14 orcs
  4 ball pythons
  6 giant cockroaches
  17 goblins
  9 hobgoblins
  6 jackals (D:2)
  4 quokkas
  5 bats
  5 frilled lizards
  2 jackal skeletons
  12 kobolds
  8 rats
150 creatures vanquished.

Notes
Turn   | Place    | Note
-------+----------+-------------------------------------------
     0 | D:1      | Borgoz the Halfling Fighter began the quest for the Orb.
     0 | D:1      | Reached XP level 1. HP: 15/15 MP: 1/1
   164 | D:1      | Reached XP level 2. HP: 20/20 MP: 2/2
   431 | D:1      | Reached XP level 3. HP: 26/26 MP: 3/3
  1020 | D:2      | Reached XP level 4. HP: 30/31 MP: 4/4
  1298 | D:2      | Noticed Robin
  1355 | D:2      | Reached XP level 5. HP: 15/36 MP: 5/5
  1371 | D:2      | Killed Robin
  1613 | D:2      | Found a stormy altar of Qazlal.
  2486 | D:3      | Reached XP level 6. HP: 34/42 MP: 6/6
  2493 | D:3      | Found a burning altar of Makhleb.
  2546 | D:3      | Found an ornate altar of the Wu Jian Council.
  2791 | D:4      | Noticed an ogre
  2802 | D:4      | Killed an ogre
  3103 | D:4      | Noticed Edmund
  3148 | D:4      | Killed Edmund
  3148 | D:4      | Reached skill level 5 in Armour
  3148 | D:4      | Reached skill level 5 in Shields
  3148 | D:4      | Reached XP level 7. HP: 17/48 MP: 7/7
  3452 | D:4      | Found a shimmering blue altar of Sif Muna.
  3667 | D:5      | Entered Level 5 of the Dungeon
  3723 | D:5      | Reached skill level 5 in Short Blades
  4650 | D:5      | Reached XP level 8. HP: 54/54 MP: 8/8
  4934 | D:5      | Found an iron altar of Okawaru.
  5128 | D:5      | Became a worshipper of Warmaster Okawaru
  5273 | D:5      | Found a hide-covered altar of Uskayaw.
  5315 | D:5      | Found a shimmering altar of Xom.
  5316 | D:5      | Found a blossoming altar of Fedhas.
  5316 | D:5      | Found a hazy altar of Hepliaklqana.
  5614 | D:6      | Found a glowing golden altar of the Shining One.
  5621 | D:6      | Reached skill level 5 in Fighting
  5740 | D:6      | Noticed Eustachio
  5756 | D:6      | Killed Eustachio
  6004 | D:6      | Found the ring of Phasing {EV+8}
  6231 | D:6      | Found a staircase to the Ecumenical Temple.
  6268 | Temple   | Entered the Ecumenical Temple
  6505 | D:6      | Reached XP level 9. HP: 47/61 MP: 9/9
  6691 | D:6      | Found an opulent altar of Gozag.
  6845 | D:7      | Reached * piety under Okawaru
  6925 | D:7      | Noticed a deep elf mage
  6954 | D:7      | Noticed a hippogriff
  6981 | D:7      | Killed a hippogriff
  7050 | D:7      | Reached ** piety under Okawaru
  7063 | D:7      | HP: 3/63 [hog (7)]
  7064 | D:7      | Slain by a hog

Levels and vault maps discovered:
D:1:      ncdulo_watergridlock, layout_loops_corners
D:2:      layout_basic, old_standard_altar, minmay_unequal, uniq_robin
D:3:      layout_basic, marbit_many_paths, first_ration, st_stairs_14,
          makhleb_heckhound_becter
D:4:      layout_rooms, led_sif_pool, uniq_edmund
D:5:      layout_loops_ring, minitemple, kennysheep_mini_moat, basic_altar,
          chequers_garden
D:6:      layout_loops_ring, overflow_temple_1_default,
          minmay_temple_entry_steel_oval, basic_altar, uniq_eustachio
D:7:      cheibrodos_quashed, layout_basic, serial_shops, shop, enter_bailey_2,
          grunt_livestock, lightli_corner_chamber
Temple:   minmay_temple_bridge_abc

Skill      XL: |  1  2  3  4  5  6  7  8  9 |
---------------+----------------------------+-----
Fighting       | 3 4 5 6 |  6.3
Short Blades   | 3 4 5 6 7 |  7.8
Armour         | 4 5 6 7 |  7.6
Shields        | 4 5 6 7 |  7.6

Action                   |  1- 3 |  4- 6 |  7- 9 || total
-------------------------+-------+-------+-------++-------
Melee: Rapier            |    96 |   299 |   363 ||   758
Throw: Throwing net      |       |       |     2 ||     2
Invok: Heroism           |       |       |     1 ||     1
  Use: Scroll            |     2 |     2 |     6 ||    10
       Potion            |       |     1 |       ||     1
  Eat: Chunk             |       |     7 |    10 ||    17
       Ration            |       |       |     1 ||     1
Armor: Scale mail        |    26 |    93 |   108 ||   227
Dodge: Dodged            |    33 |   111 |   135 ||   279
Block: Shield            |    38 |   173 |   173 ||   384

Table legend:
 A = Non-vault XP
 B = Vault XP
 C = Vault XP percentage of total XP
 D = Non-vault monster count
 E = Vault monster count
 F = Vault count percentage of total count
                 A         B        C        D         E       F
            +---------+---------+-------+---------+---------+-------
      Total |    2239 |    1271 |  36.2 |     126 |      24 |  16.0
            +---------+---------+-------+---------+---------+-------
        D:1 |      47 |       0 |   0.0 |      21 |       0 |   0.0
        D:2 |     102 |      44 |  30.1 |      34 |      16 |  32.0
        D:3 |      49 |      44 |  47.3 |      11 |       2 |  15.4
        D:4 |     303 |     169 |  35.8 |      11 |       1 |   8.3
        D:5 |     578 |       0 |   0.0 |      28 |       0 |   0.0
        D:6 |     506 |     191 |  27.4 |      10 |       1 |   9.1
        D:7 |     654 |     823 |  55.7 |      11 |       4 |  26.7
            +---------+---------+-------+---------+---------+-------
